 Dungeon Crawl Stone Soup version 0.30.0-10-gfe55d96785 (webtiles) character file.

Game seed: 3338180028430446798

21 CaptainMV the Vexing (level 2, -2/21 HPs)
             Began as a Demonspawn Hexslinger on May 15, 2023.
             Slain by a gnoll
             ... wielding a +0 spear
              (6 damage)
             ... on level 1 of the Dungeon.
             The game lasted 00:04:40 (708 turns).

CaptainMV the Vexing (Demonspawn Hexslinger)         Turns: 708, Time: 00:04:42

Health: -2/21      AC:  2    Str: 10    XL:     2   Next: 62%
Magic:  3/3        EV: 12    Int: 14    God:
Gold:   29         SH:  0    Dex: 13    Spells: 2/3 levels left

rFire   . . .        a - +1 sling
rCold   . . .        (no shield)
rNeg    . . .        c - +0 robe
rPois   .            (no helmet)
rElec   .            (no cloak)
rCorr   .            (no gloves)
SInv    .            (no boots)
Will    .....        (no amulet)
Stlth   +            (no ring)
HPRegen 0.23/turn    (no ring)
MPRegen 0.08/turn

%: no passive effects
@: no status effects
A: weakness stinger 1
a: no special abilities


You were on level 1 of the Dungeon.
You visited 1 branch of the dungeon, and saw 1 of its levels.

You collected 29 gold pieces.

Inventory:

Hand Weapons
 a - a +1 sling (weapon)
 f - a +0 dagger
 h - a +0 mace of protection
Armour
 c - a +0 robe (worn)
Magical Staves
 b - a staff of conjuration
Scrolls
 d - 2 scrolls of poison
Potions
 e - a potion of heal wounds
 g - a potion of lignification
 i - a potion of might


   Skills:
 + Level 1.0 Fighting
 + Level 2.1 Ranged Weapons
 + Level 2.0 Dodging
 + Level 1.0 Spellcasting
 + Level 3.5 Hexes


You had 2 spell levels left.
You knew the following spells:

 Your Spells              Type           Power      Damage    Failure   Level
a - Slow                  Hex            40%        N/A       6%          1

Your spell library contained the following spells:

 Spells                   Type           Power      Damage    Failure   Level
 Inner Flame              Hex/Fire       5%         N/A       36%         3
 Portal Projectile        Hex/Tloc       10%        N/A       36%         3
 Cause Fear               Hex            5%         N/A       52%         4
 Vhi's Electric Charge    Tloc/Air       0%         N/A       61%         3
 Arcjolt                  Conj/Air       0%         1d10      100%        5
 Plasma Beam              Fire/Air       0%         2x1d11    100%        6


Dungeon Overview and Level Annotations

Branches:
Dungeon (1/15)

Altars:


Innate Abilities, Weirdness & Mutations

You have a small tail.


Message History

The rat bites you but does no damage.
The gnoll hits you from afar with a +0 spear.
Fire: a) +1 sling
Press: ? - help, Q - select action, (/) - cycle Shift-Dir - straight line, f/p - gnoll
Aim: a gnoll, wielding a +0 spear (severely wounded, 60% to hit)
You shoot a sling bullet.
The sling bullet closely misses the gnoll.
The gnoll hits you from afar with a +0 spear.
The rat bites you.
Fire: a) +1 sling
Press: ? - help, Q - select action, (/) - cycle Shift-Dir - straight line, f/p - gnoll
Aim: a gnoll, wielding a +0 spear (severely wounded, 60% to hit)
You shoot a sling bullet.
The sling bullet barely misses the gnoll.
The gnoll barely misses you. The rat barely misses you.
Fire: a) +1 sling
Press: ? - help, Q - select action, (/) - cycle Shift-Dir - straight line, f/p - gnoll
Aim: a gnoll, wielding a +0 spear (severely wounded, 60% to hit)
You shoot a sling bullet.
The sling bullet hits the gnoll but does no damage.
The gnoll is severely wounded.
The gnoll barely misses you. The rat bites you.
The gnoll hits you from afar with a +0 spear.
* * * LOW HITPOINT WARNING * * *
The rat barely misses you.
Fire: a) +1 sling
Press: ? - help, Q - select action, (/) - cycle Shift-Dir - straight line, f/p - gnoll
Aim: a gnoll, wielding a +0 spear (severely wounded, 60% to hit)
You shoot a sling bullet.
The sling bullet barely misses the gnoll.
The rat misses you.
The gnoll hits you from afar with a +0 spear.
* * * LOW HITPOINT WARNING * * *
Fire: a) +1 sling
Press: ? - help, Q - select action, (/) - cycle Shift-Dir - straight line, f/p - gnoll
Aim: a gnoll, wielding a +0 spear (severely wounded, 60% to hit)
You shoot a sling bullet. The sling bullet hits the rat.
You kill the rat!
The gnoll hits you from afar with a +0 spear.
You die...

#.# #.# ...
#.###†##.##..#
.....).......####
....#..#.#...##..
.####..#.#...##.####
....#..#.#...##.#..
.##.#..#.#...##.#.#
## #..#.#...##.#.####
# #..#........@†g..#
#........##~#.†.[...#
#.##...###≈≈##~..)..#
#......≈≈≈≈#≈ #....##
#####.##≈#≈≈≈≈ ~...#
### #.#≈≈≈≈ ≈#≈~...#
..# ..~≈≈≈≈≈≈≈≈#...#
....# ...##≈#≈#≈≈
#...# #.#.# #.#.. ≈≈
≈


You could see a gnoll.

Vanquished Creatures
  2 endoplasms (D:1)
  A giant cockroach (D:1)
  A goblin (D:1)
  3 hobgoblins (D:1)
  4 ball pythons (D:1)
  A bat (D:1)
  5 kobolds (D:1)
  3 rats (D:1)
20 creatures vanquished.

Notes
Turn   | Place    | Note
-------+----------+-------------------------------------------
     0 | D:1      | CaptainMV the Demonspawn Hexslinger began the quest for the
                  | Orb.
     0 | D:1      | Reached XP level 1. HP: 15/15 MP: 2/2
   274 | D:1      | Found a faded altar of an unknown god.
   299 | D:1      | Gained mutation: You have a small tail. [demonic ancestry]
   299 | D:1      | Reached XP level 2. HP: 21/21 MP: 3/3
   708 | D:1      | Slain by a gnoll

Illustrated notes

Levels and vault maps discovered:
D:1:      ncdulo_lavacross, layout_basic,
          shapermc_ecumenical_altar_totnotflames, minivault_4

Skill      XL: |  1  2 |
---------------+-------+-----
Dodging        | 2 |  2.0
Ranged Weapons | 2 |  2.1
Fighting       | |  1.0
Spellcasting   | |  1.0
Hexes          | |  3.5

Action                     || total
---------------------------++-------
   Fire: Sling             ||    58
   Cast: Slow              ||     1
    Use: Scroll            ||     3
 Armour: Robe              ||     5
  Dodge: Dodged            ||    22
